 Dungeon Crawl Stone Soup version 0.29.1-15-g9cfb28693d (webtiles) character file.

Game seed: 1152610649745877815

20113 Peloso the Impaler (level 12, -3/112 HPs)
             Began as a Minotaur Fighter on Mar 12, 2023.
             Was a High Priest of Okawaru.
             Slain by a two-headed ogre
             ... wielding a +0 dire flail
              (19 damage)
             ... on level 11 of the Dungeon.
             The game lasted 00:17:33 (13314 turns).

Peloso the Impaler (Minotaur Fighter)              Turns: 13314, Time: 00:17:34

Health: -3/112     AC: 17    Str: 22    XL:     12   Next: 42%
Magic:  11/11      EV:  7    Int:  5    God:    Okawaru [*****.]
Gold:   939        SH:  0    Dex: 14    Spells: 11/11 levels left

rFire   . . .      SeeInvis .   c - +5 scythe "Finisher" {speed, eviscerate}
rCold   + . .      Faith    .   (shield currently unavailable)
rNeg    . . .      Spirit   .   i - +2 plate armour {rC+}
rPois   .          Reflect  .   (helmet restricted)
rElec   .          Harm     .   (no cloak)
rCorr   +          Rampage  .   (no gloves)
Will    .....                   (no boots)
Stlth   ..........              (no amulet)
HPRegen 0.28/turn               u - ring of resist corrosion
MPRegen 0.12/turn               (no ring)

@: no status effects
A: horns 2, retaliatory headbutt
a: Renounce Religion, Heroism, Finesse, Duel


You were on level 11 of the Dungeon.
You worshipped Okawaru.
Okawaru was extremely pleased with you.
You visited 3 branches of the dungeon, and saw 14 of its levels.

You collected 939 gold pieces.

Inventory:

Hand Weapons
 a - a +2 long sword
 c - the +5 scythe "Finisher" (weapon) {speed, eviscerate}
   (You found it on level 4 of the Dungeon)

   Attacks with this weapon are significantly faster.
   It may eviscerate those it strikes, slaying them instantly, with a decreasing
   chance against stronger foes.
 y - the +10 spear of the Bedazzling Fool {speed, Dex+2}
   (You found it on level 6 of the Dungeon)

   Attacks with this weapon are significantly faster.
   Dex:       It affects your dexterity (+2).
Armour
 d - a +0 buckler
 i - a +2 plate armour of cold resistance (worn)
Magical Staves
 b - a staff of fire
Jewellery
 p - a ring of protection from fire
 u - a ring of resist corrosion (left hand)
 I - a +6 ring of intelligence
Wands
 l - a wand of mindburst (6)
 s - a wand of iceblast (5)
 w - a wand of acid (2)
 z - a wand of charming (14)
 D - a wand of polymorph (10)
Scrolls
 e - 2 scrolls of noise
 h - 4 scrolls of enchant weapon
 k - a scroll of brand weapon
 n - a scroll of immolation {unknown}
 r - 3 scrolls of teleportation {unknown}
 t - 2 scrolls of poison {unknown}
 v - 3 scrolls of enchant armour {unknown}
 A - 3 scrolls of magic mapping {unknown}
 B - 2 scrolls of blinking
 C - 3 scrolls of fog
 G - a scroll of torment {unknown}
 H - a scroll of fear {unknown}
Potions
 f - 4 potions of curing
 g - 5 potions of might
 j - 2 potions of cancellation
 m - 3 potions of flight
 o - 3 potions of ambrosia
 q - 3 potions of brilliance
 x - 2 potions of mutation {unknown}
 F - a potion of berserk rage {unknown}


   Skills:
 + Level 12.2 Fighting
 + Level 5.0 Long Blades
 + Level 16.9 Polearms
 + Level 12.6 Armour
 + Level 1.2 Dodging
 + Level 1.6 Stealth
 + Level 4.6 Shields
 + Level 0.7 Invocations


You had 11 spell levels left.
You didn't know any spells.
Your spell library contained the following spells:

 Spells                   Type           Power      Damage    Failure   Level
 Apportation              Tloc           0%         N/A       99%         1
 Necrotise                Necr           0%         1d4       99%         1
 Static Discharge         Conj/Air       0%         3-3/arc   100%        2
 Dazzling Flash           Conj/Hex       0%         N/A       100%        3
 Dispel Undead            Necr           0%         3d6       100%        4
 Sticky Flame             Conj/Fire      0%         2d3       100%        4
 Agony                    Necr           0%         N/A       100%        5
 Silence                  Hex/Air        0%         N/A       100%        5
 Summon Small Mammal      Summ           Unusable   N/A       N/A         1

Dungeon Overview and Level Annotations

Branches:
Dungeon (12/15)            Temple (1/1) D:7            Lair (1/5) D:8
    Orc: D:9-12

Altars:
Ashenzari
Cheibriados
Dithmenos
Elyvilon
Fedhas
Gozag
Kikubaaqudgha
Nemelex Xobeh
Okawaru
Qazlal
Sif Muna
Trog
Uskayaw
Vehumet
Wu Jian
Xom
Yredelemnul
Zin
The Shining One

Shops:
D:4 [   D:8 *

Annotations:
Lair:1 3 runed translucent doors, P0WERM0DE's ghost, journeyman PaAr


Innate Abilities, Weirdness & Mutations

You have a pair of horns on your head.
You reflexively headbutt those who attack you in melee.


Message History

You hit the acid dragon. Your headbutt misses the acid dragon.
The acid dragon is lightly wounded.
The acid dragon bites you.
The acid dragon claws you but does no damage.
You completely miss the acid dragon.
The acid dragon is lightly wounded.
The acid dragon bites you!
The acid dragon claws you but does no damage.
You puncture the acid dragon! You headbutt the acid dragon!
The acid dragon is severely wounded.
You slice the acid dragon!!
You kill the acid dragon!
Okawaru accepts your kill.
HP restored.
Found a potion of degeneration.
You see here a potion of degeneration.
A two-headed ogre comes into view.
It is wielding a +0 dire flail and a +0 giant spiked club.
The two-headed ogre shouts in stereo!
A two-headed ogre is nearby!
Found a small malachite amulet.
A boulder beetle comes into view.
The boulder beetle curls into a ball and begins rolling!
The two-headed ogre hits you with a +0 dire flail!
The two-headed ogre hits you with a +0 giant spiked club!
You puncture the two-headed ogre! You headbutt the two-headed ogre!
The two-headed ogre is heavily wounded.
The two-headed ogre closely misses you.
The two-headed ogre hits you with a +0 giant spiked club!!
You hit the two-headed ogre. You headbutt the two-headed ogre!
The two-headed ogre is severely wounded.
You completely miss the two-headed ogre.
You headbutt the two-headed ogre, but do no damage.
The two-headed ogre is severely wounded.
The boulder beetle hits you!!!
* * * LOW HITPOINT WARNING * * *
The boulder beetle stops rolling and uncurls.
The two-headed ogre hits you with a +0 dire flail.
* * * LOW HITPOINT WARNING * * *
The two-headed ogre hits you with a +0 giant spiked club!!
You die...

#......#
#..# #..#
#......#
#..# #..#
#......#
#..# #..#
#......#
#..# #..#
#......#
#..# #..#
#......#
#..# #..#
#..# #..#
#@.# #OB#
.°.#
..°.#
...°.#
....."#
.......#
........#


You could see a boulder beetle and a two-headed ogre.

Vanquished Creatures
  6 two-headed ogres
  6 death yaks (Lair:1)
  4 elephants (Lair:1)
  A black mamba (Lair:1)
  A gargoyle (D:10)
  3 cane toads (Lair:1)
  3 komodo dragons (D:8)
  A troll (D:8)
  A hornet (D:8)
  A wraith (D:11)
  4 wyverns
  17 yaks
  2 vampire mosquitoes (D:12)
  A steam dragon (D:8)
  2 acid dragons
  2 water moccasins
  7 orc warriors
  Duvessa (D:4)
  A sky beast (D:7)
  8 ice beasts
  3 wolves (Lair:1)
  3 centaurs
  A phantom (D:5)
  5 kobold brigands
  3 scorpions
  6 bullfrogs
  A necrophage (D:5)
  16 wights
  Dowan (D:4)
  3 killer bees (D:5)
  3 vampire bats (D:10)
  7 howler monkeys
  A hound (D:6)
  2 jellies
  7 orc priests
  4 iguanas
  7 orc wizards
  5 adders
  2 shadow imps
  2 white imps
  3 worms
  5 dart slugs
  45 orcs
  6 bats
  5 bat skeletons (D:10)
  2 bat zombies (D:10)
  6 endoplasms
  2 giant cockroaches
  10 goblins
  6 hobgoblins
  2 jackals (D:4)
  23 kobolds
  A quokka (D:1)
  8 ball pythons
  2 frilled lizards
  3 rats
283 creatures vanquished.

Vanquished Creatures (others)
  4 fungi (Lair:1)
  7 plants
11 creatures vanquished.

Grand Total: 294 creatures vanquished

Notes
Turn   | Place    | Note
-------+----------+-------------------------------------------
     0 | D:1      | Peloso the Minotaur Fighter began the quest for the Orb.
     0 | D:1      | Reached XP level 1. HP: 19/19 MP: 0/0
   399 | D:1      | Found a faded altar of an unknown god.
   440 | D:1      | Reached XP level 2. HP: 27/27 MP: 1/1
  1119 | D:2      | Reached XP level 3. HP: 33/33 MP: 2/2
  1130 | D:2      | Found a sparkling altar of Nemelex Xobeh.
  1814 | D:3      | Reached XP level 4. HP: 40/40 MP: 3/3
  2299 | D:4      | Found the +5 scythe "Finisher" {speed, eviscerate}
  2395 | D:4      | Reached skill level 5 in Armour
  2451 | D:4      | Reached skill level 1 in Polearms
  2451 | D:4      | Reached XP level 5. HP: 47/47 MP: 4/4
  2483 | D:4      | Reached skill level 2 in Polearms
  2503 | D:4      | Found Jetefy's Armour Shop.
  2767 | D:4      | Noticed an ice beast
  2769 | D:4      | Killed an ice beast
  2770 | D:4      | Reached skill level 3 in Polearms
  2770 | D:4      | Reached XP level 6. HP: 53/53 MP: 5/5
  2863 | D:4      | Noticed Duvessa
  2863 | D:4      | Noticed Dowan
  2867 | D:4      | Killed Duvessa
  2868 | D:4      | Reached skill level 4 in Polearms
  2875 | D:4      | Killed Dowan
  3260 | D:5      | Entered Level 5 of the Dungeon
  3286 | D:5      | Reached XP level 7. HP: 59/60 MP: 6/6
  3305 | D:5      | Reached skill level 5 in Long Blades
  3373 | D:5      | Reached skill level 5 in Polearms
  3520 | D:5      | Reached skill level 5 in Fighting
  3930 | D:5      | Reached skill level 6 in Polearms
  3930 | D:5      | Reached skill level 1 in Dodging
  4208 | D:6      | Reached XP level 8. HP: 70/70 MP: 7/7
  4341 | D:6      | Reached skill level 7 in Polearms
  4534 | D:6      | Reached skill level 8 in Polearms
  4771 | D:6      | Identified the +10 spear of the Bedazzling Fool {speed,
                  | Dex+2}
  5187 | D:7      | Reached skill level 9 in Polearms
  5513 | D:7      | Reached XP level 9. HP: 78/78 MP: 8/8
  5593 | D:7      | Noticed a two-headed ogre
  5599 | D:7      | Killed a two-headed ogre
  5600 | D:7      | Reached skill level 10 in Polearms
  5852 | D:7      | Found a staircase to the Ecumenical Temple.
  5879 | Temple   | Entered the Ecumenical Temple
  5907 | Temple   | Became a worshipper of Warmaster Okawaru
  6035 | D:8      | Found a stormy altar of Qazlal.
  6035 | D:8      | Found a shimmering altar of Xom.
  6231 | D:8      | Noticed a komodo dragon
  6242 | D:8      | Killed a komodo dragon
  6243 | D:8      | Reached skill level 11 in Polearms
  6491 | D:8      | Noticed a komodo dragon
  6494 | D:8      | Reached * piety under Okawaru
  6504 | D:8      | Killed a komodo dragon
  6505 | D:8      | Reached skill level 1 in Stealth
  6515 | D:8      | Reached skill level 12 in Polearms
  6516 | D:8      | Reached XP level 10. HP: 17/88 MP: 7/9
  6866 | D:8      | Reached ** piety under Okawaru
  6977 | D:8      | Found a staircase to the Lair.
  7469 | D:8      | Noticed a two-headed ogre
  7477 | D:8      | Killed a two-headed ogre
  7477 | D:8      | Reached *** piety under Okawaru
  7478 | D:8      | Reached skill level 13 in Polearms
  7498 | D:8      | Noticed a two-headed ogre
  7809 | D:8      | Killed a two-headed ogre
  7810 | D:8      | Reached skill level 10 in Armour
  8268 | D:8      | Found Qineseim's Assorted Antiques.
  8391 | D:8      | Reached skill level 14 in Polearms
  8437 | D:8      | Reached XP level 11. HP: 95/99 MP: 10/10
  8752 | D:10     | Entered Level 10 of the Dungeon
  8819 | D:9      | Reached **** piety under Okawaru
  8821 | D:9      | Noticed a two-headed ogre
  8829 | D:9      | Killed a two-headed ogre
  9126 | D:9      | Noticed a two-headed ogre
  9142 | D:9      | Killed a two-headed ogre
  9143 | D:9      | Reached skill level 10 in Fighting
  9845 | D:10     | Found an ancient bone altar of Kikubaaqudgha.
 10517 | D:10     | Reached ***** piety under Okawaru
 11058 | Lair:1   | Entered Level 1 of the Lair of Beasts
 11063 | Lair:1   | Reached skill level 15 in Polearms
 11612 | Lair:1   | Noticed a death yak
 11624 | Lair:1   | Noticed a death yak
 11625 | Lair:1   | Noticed a death yak
 11635 | Lair:1   | Killed a death yak
 11635 | Lair:1   | Noticed a death yak
 11636 | Lair:1   | Killed a death yak
 11637 | Lair:1   | Reached XP level 12. HP: 38/110 MP: 9/11
 11640 | Lair:1   | Noticed a death yak
 11641 | Lair:1   | Identified the +6 halberd of Parts Unknown {flame, Contam
                  | *Rage rC+++ rCorr Int+2} (Okawaru gifted it to you on level
                  | 1 of the Lair of Beasts)
 11641 | Lair:1   | Received a gift from Okawaru
 11647 | Lair:1   | Killed a death yak
 11648 | Lair:1   | Reached skill level 16 in Polearms
 11649 | Lair:1   | Noticed a death yak
 11660 | Lair:1   | Killed a death yak
 11662 | Lair:1   | HP: 2/112 [death yak (16)]
 11673 | Lair:1   | Killed a death yak
 11679 | Lair:1   | Killed a death yak
 12077 | Lair:1   | Noticed an eight-headed hydra
 12084 | Lair:1   | Found a runed translucent gate.
 12084 | Lair:1   | Found a runed translucent gate.
 12084 | Lair:1   | Found a runed translucent gate.
 12247 | Lair:1   | Noticed P0WERM0DE's ghost (journeyman PaAr)
 12247 | Lair:1   | Noticed a minotaur
 12960 | D:11     | Noticed a two-headed ogre
 12964 | D:11     | Killed a two-headed ogre
 13089 | D:11     | You fall into a shaft and drop 1 floor!
 13308 | D:11     | Noticed a two-headed ogre
 13309 | D:11     | Noticed a boulder beetle
 13314 | D:11     | Slain by a two-headed ogre

Illustrated notes

Levels and vault maps discovered:
D:1:      dpeg_arrival_leaves_temple_mockup, layout_basic,
          hellmonk_ecumenical_altar_prayer_group, fountainhead, minivault_25,
          st_stairs_6
D:2:      layout_loops_ring, basic_altar, chequers_mini_garden
D:3:      layout_loops_ring, hangedman_decor_growths
D:4:      layout_loops_ring, serial_shops, nicolae_shop_hallway_stairs,
          uniq_duvessa
D:5:      layout_gridville, chequers_serial_rivers_room_b, nicolae_eternal_life
D:6:      layout_gridville, grunt_ministairs_10, hangedman_abyss_or_decor_stabs
D:7:      layout_basic, minmay_temple_entry_sparse_star
D:8:      minmay_bloctagon, layout_loops_ring, mainiacjoe_overflow_divided_tiny,
          erik_lair_dragon, serial_shops, nicolae_shop_overgrown_old_shop
D:9:      layout_loops_ring, supply_closet_lemuel
D:10:     layout_roguey, kennysheep_vampire_church, special_room
          [special_room_orc]
D:11:     layout_long_grid
D:12:     layout_loops_cross, zombieorc2_lemuel, chei_slow_surprise, uniq_lodul,
          uniq_erolcha, uniq_urug, uniq_kirke
Temple:   compressed_dpeg_triangle_lava_temple
Lair:1:   layout_loops_ring, maelrawn_ghost_gauntlet_escape, grunt_megastairs_5

Skill      XL: |  1  2  3  4  5  6  7  8  9 10 11 12 |
---------------+-------------------------------------+-----
Armour         | 4 5 6 7 9 10 12 | 12.6
Fighting       | 4 6 8 9 11 12 | 12.2
Shields        | 4 |  4.6
Long Blades    | 3 4 5 |  5.0
Polearms       | 1 3 4 6 9 12 14 15 16 | 16.9
Dodging        | 1 |  1.2
Stealth        | 1 |  1.6
Invocations    | |  0.7

Action                   |  1- 3 |  4- 6 |  7- 9 | 10-12 || total
-------------------------+-------+-------+-------+-------++-------
Melee: Long sword        |    91 |    16 |       |       ||   107
       Headbutt          |    14 |     4 |    31 |    74 ||   123
       Scythe            |       |    46 |   147 |   346 ||   539
       Spear             |       |       |       |    55 ||    55
Invok: Heroism           |       |       |     1 |     4 ||     5
  Use: Potion            |     3 |       |       |     3 ||     6
       Scroll            |     2 |     2 |     3 |     5 ||    12
Armor: Scale mail        |    46 |       |       |       ||    46
       Plate armour      |     3 |    41 |   105 |   250 ||   399
       Skin              |       |       |       |     2 ||     2
Dodge: Dodged            |    42 |    12 |    61 |   144 ||   259
Block: Buckler           |    29 |     4 |       |     3 ||    36
